 Dungeon Crawl Stone Soup version 0.30-a0-879-ga8ba668304 (webtiles) character file.

Game seed: 252516862836814275

102 EiAlmux the Magician (level 4, -2/26 HPs)
             Began as a Deep Elf Hedge Wizard on Mar 14, 2023.
             Slain by a gnoll
             ... wielding a +0 whip
              (6 damage)
             ... on level 2 of the Dungeon.
             The game lasted 00:05:06 (2463 turns).

EiAlmux the Magician (Deep Elf Hedge Wizard)        Turns: 2463, Time: 00:05:06

Health: -2/26      AC:  2    Str:  7    XL:     4   Next: 49%
Magic:  2/13       EV: 12    Int: 21    God:
Gold:   183        SH:  0    Dex: 14    Spells: 11/13 levels left

rFire   . . .      SeeInvis .    a - +0 dagger
rCold   . . .      Faith    .    (no shield)
rNeg    . . .      Spirit   .    b - +0 robe
rPois   .          Reflect  .    c - +0 hat
rElec   .          Rampage  .    (no cloak)
rCorr   .                        (no gloves)
Will    .....                    (no boots)
Stlth   ++                       (no amulet)
HPRegen 0.24/turn                (no ring)
MPRegen 0.13/turn                (no ring)

@: no status effects
A: no striking features
a: no special abilities


You were on level 2 of the Dungeon.
You visited 1 branch of the dungeon, and saw 3 of its levels.

You collected 183 gold pieces.

Inventory:

Hand Weapons
 a - a +0 dagger (weapon)
Armour
 b - a +0 robe (worn)
 c - a +0 hat (worn)
 n - a +0 kite shield
Jewellery
 l - the ring of Makhleb, Grinning {Fly MP-9 Dex+3}
   (You found it on level 2 of the Dungeon)

   [ring of flight]

   Dex:       It affects your dexterity (+3).
   MP:        It affects your magic capacity (-9).
   Fly:       It grants you flight.
Scrolls
 e - 2 scrolls of blinking {unknown}
 f - a scroll of identify {unknown}
 g - a scroll of amnesia {unknown}
 i - a scroll of fog
 k - a scroll of butterflies {unknown}
Potions
 d - a potion of magic
 h - 3 potions of curing {unknown}
 j - a potion of might {unknown}
 m - a potion of attraction {unknown}
 o - a potion of brilliance {unknown}


   Skills:
 - Level 2.0 Fighting
 - Level 2.4 Dodging
 - Level 2.4 Stealth
 + Level 5.1 Spellcasting
 * Level 2.9 Conjurations
 - Level 1.1 Hexes
 - Level 1.1 Summonings
 - Level 1.1 Translocations


You had 11 spell levels left.
You knew the following spells:

 Your Spells              Type           Power      Damage    Failure   Level
a - Magic Dart            Conj           68%        1d6       3%          1
b - Slow                  Hex            40%        N/A       7%          1

Your spell library contained the following spells:

 Spells                   Type           Power      Damage    Failure   Level
 Summon Small Mammal      Summ           40%        N/A       7%          1
 Blink                    Tloc           20%        N/A       11%         2
 Call Imp                 Summ           10%        N/A       11%         2
 Cigotuvi's Dreadful Rot  Necr/Pois/Air  10%        N/A       16%         2
 Call Canine Familiar     Summ           10%        N/A       21%         3
 Portal Projectile        Hex/Tloc       20%        N/A       21%         3
 Summon Guardian Golem    Hex/Summ       10%        N/A       21%         3
 Tukima's Dance           Hex            10%        N/A       21%         3
 Mephitic Cloud           Conj/Pois/Air  9%         N/A       22%         3
 Blade Hands              Tmut           2%         N/A       96%         5


Dungeon Overview and Level Annotations

Branches:
Dungeon (3/15)

Altars:
Trog
Uskayaw


Message History

The jackal barely misses you.
The jackal bites you but does no damage.
The jackal attacks as you move away! The jackal bites you.
The jackal completely misses you.
A gnoll comes into view. It is wielding a +0 flail.
There is a stone staircase leading up here.
The magic dart hits the jackal.
The jackal is almost dead.
The jackal closely misses you. The jackal barely misses you.
The magic dart hits the jackal.
You kill the jackal!
The magic dart hits the gnoll.
The gnoll is moderately wounded.
The gnoll hits you with a +0 whip! The gnoll closely misses you.
You climb upwards.
There is a stone staircase leading down here.
The magic dart hits the gnoll but does no damage.
The gnoll is moderately wounded.
The gnoll hits you with a +0 whip. x2
You are too injured to fight recklessly!
You are too injured to fight recklessly!
Casting: Magic Dart (safe; 3% risk of failure)
Confirm with . or Enter, or press ? or * to list all spells.
Aiming: Magic Dart (safe; 3% risk of failure)
Press: ? - help, Shift-Dir - straight line, f/p - gnoll
Aim: a gnoll, wielding a +0 whip (moderately wounded, 100% to hit)
The magic dart hits the gnoll.
The gnoll is moderately wounded.
The gnoll hits you with a +0 whip.
* * * LOW HITPOINT WARNING * * *
The gnoll completely misses you.
Casting: Magic Dart (safe; 3% risk of failure)
Confirm with . or Enter, or press ? or * to list all spells.
Aiming: Magic Dart (safe; 3% risk of failure)
Press: ? - help, Shift-Dir - straight line, f/p - gnoll
Aim: a gnoll, wielding a +0 whip (moderately wounded, 100% to hit)
The magic dart hits the gnoll.
The gnoll is severely wounded.
The gnoll barely misses you. The gnoll hits you with a +0 whip.
You die...

....# #.# #.....####.. #..#####
##.# #........... #......#######
#..# #.....######
.............###.#####......#####
##.#....####.........).........<.
#.#....########.#####......)....
#.........#####.# #.....##....
##....###....##g# ########...#
#.##......#.##@# ####...#
#.##.####.#..#g#### ##....###
#.##.# #.........#####..##.'..
#.##.# ####.....<...[......#≈≈
#.##.# ###.####.....######≈
#>##.# #.# ##.....### ## ##.##.#
#.# ###..##...###. #...#.##
##.###...#####..... ##......#
###......### ######


You could see 2 gnolls.

Vanquished Creatures
  4 gnolls (D:3)
  3 adders (D:2)
  A worm (D:2)
  7 ball pythons
  3 bats
  3 endoplasms
  2 giant cockroaches
  A goblin (D:1)
  A hobgoblin (D:2)
  4 jackals
  2 kobolds
  A frilled lizard (D:1)
  6 rats
38 creatures vanquished.

Notes
Turn   | Place    | Note
-------+----------+-------------------------------------------
     0 | D:1      | EiAlmux the Deep Elf Hedge Wizard began the quest for the
                  | Orb.
     0 | D:1      | Reached XP level 1. HP: 10/10 MP: 7/7
     2 | D:1      | Learned a level 1 spell: Slow
   323 | D:1      | Reached XP level 2. HP: 16/16 MP: 6/9
   591 | D:1      | Reached skill level 1 in Hexes
   871 | D:1      | Reached skill level 1 in Fighting
  1058 | D:2      | Found a bloodstained altar of Trog.
  1189 | D:2      | Reached XP level 3. HP: 20/20 MP: 8/11
  1510 | D:2      | Found Zisekkui's Distillery.
  1664 | D:2      | Identified the ring of Makhleb, Grinning {Fly MP-9 Dex+3}
  2148 | D:3      | Found a hide-covered altar of Uskayaw.
  2210 | D:3      | Reached skill level 5 in Spellcasting
  2210 | D:3      | Reached XP level 4. HP: 26/26 MP: 7/13
  2463 | D:2      | Slain by a gnoll

Illustrated notes

Levels and vault maps discovered:
D:1:      zelgadis_glass_arrival_small, layout_basic
D:2:      layout_rooms, serial_shops, nicolae_shop_hallway_plus, basic_altar,
          kennysheep_crisscross, chequers_jeans, minivault_4
D:3:      layout_loops_cross, nicolae_overflow_crystal_walls,
          gup_sewer_entry_bowl, uniq_jessica, uniq_ijyb

Skill      XL: |  1  2  3  4 |
---------------+-------------+-----
Hexes          | 1 |  1.1
Fighting       | 1 2 |  2.0
Conjurations   | 2 |  2.9
Spellcasting   | 5 |  5.1
Dodging        | |  2.4
Stealth        | |  2.4
Summonings     | |  1.1
Translocations | |  1.1

Action                     |  1- 3 |  4- 6 || total
---------------------------+-------+-------++-------
  Melee: Dagger            |     2 |     8 ||    10
   Cast: Magic Dart        |    92 |    25 ||   117
    Use: Scroll            |     1 |       ||     1
 Armour: Robe              |     2 |     3 ||     5
  Dodge: Dodged            |     8 |    21 ||    29

Table legend: (Time is in decaauts)
 A = Elapsed time spent in this place.
 B = Non-inter-level travel time spent in this place.
 C = Inter-level travel time spent in this place.
 D = Time resting spent in this place.
 E = Time spent auto-exploring this place.
 F = Levels seen in this place.
 G = Mean time per level.
                   A        B        C        D        E       F      G
               +--------+--------+--------+--------+--------+-----+--------+
         Total |   2463 |   2408 |     55 |      6 |   2174 |   3 |  821.0 |
       Dungeon |   2463 |   2408 |     55 |      6 |   2174 |   3 |  821.0 |
               +--------+--------+--------+--------+--------+-----+--------+

Top non-repeatable levels by time:
     D:1: 1056 daAuts
     D:2: 988 daAuts
     D:3: 418 daAuts
